 Dungeon Crawl Stone Soup version 0.27.1-34-g3ba077fa99 (webtiles) character file.

Game seed: 2210920228236980806

31 Gartch the Magician (level 3, -3/26 HPs)
             Began as a Djinni Fire Elementalist on Jan 14, 2022.
             Killed by nerve-wracking pain
             ... invoked by an orc priest
              (7 damage)
             ... on level 1 of the Dungeon on Jan 16, 2022.
             The game lasted 00:18:11 (3513 turns).

Gartch the Magician (Djinni Fire Elementalist)      Turns: 3513, Time: 00:18:13

Health: -3/26      AC:  2    Str:  7    XL:     3   Next: 40%
Gold:   114        EV: 13    Int: 17    God:
                   SH:  0    Dex: 19

rFire    + + .     SeeInvis .   g - +0 short sword
rCold    x . .     Faith    .   (no shield)
rNeg     . . .     Spirit   .   a - +0 robe
rPois    ∞         Reflect  .   (no helmet)
rElec    .         Harm     .   (no cloak)
rCorr    .         Rampage  .   (no gloves)
Will     .....                  (boots unavailable)
Stlth    ++........             (no amulet)
HPRegen  0.08/turn              h - +6 ring of dexterity
MPRegen  0.00/turn              (no ring)

@: flying
A: sickness immunity, fire resistance 2, cold vulnerability 1, float, innate
caster, hp casting, extra vitality 1
a: no special abilities


You were on level 1 of the Dungeon.
You visited 1 branch of the dungeon, and saw 3 of its levels.

You collected 114 gold pieces.

Inventory:

Hand Weapons
 g - a +0 short sword (weapon)
Missiles
 c - 28 stones (quivered)
Armour
 a - a +0 robe (worn)
Jewellery
 h - a +6 ring of dexterity (left hand)
Scrolls
 f - a scroll of summoning {unknown}
 i - 2 scrolls of identify {unknown}
 j - a scroll of fog {unknown}
 m - a scroll of torment {unknown}
Potions
 b - 2 potions of brilliance {unknown}
 d - a potion of flight {unknown}
 e - a potion of heal wounds {unknown}
 k - a potion of lignification {unknown}
 l - a potion of might {unknown}


   Skills:
 + Level 0.4 Fighting
 - Level 2.5 Dodging
 - Level 1.7 Stealth
 * Level 3.1 Spellcasting


You couldn't memorise any spells.
You knew the following spells:

 Your Spells              Type           Power      Damage    Failure   Level
a - Foxfire               Conj/Fire      52%        2x1d6     4%          1
b - Conjure Flame         Conj/Fire      13%        6-21      14%         3
c - Inner Flame           Hex/Fire       13%        N/A       14%         3
d - Sticky Flame          Conj/Fire      13%        2d4       43%         4
e - Fireball              Conj/Fire      6%         3d5       80%         5
f - Apportation           Tloc           26%        N/A       4%          1
Your spell library was empty.

Dungeon Overview and Level Annotations

Branches:
Dungeon (3/15)

Altars:


Innate Abilities, Weirdness & Mutations

You are immune to sickness and miasma.
You are immune to poison.
Your flesh is very heat resistant. (rF++)
You are vulnerable to cold. (rC-)
You float through the air rather than walking.
You learn spells naturally, not from books.
Your magical power is your life essence.
You have superior vitality. (+4 HP)


Message History

You fly downwards.
The adder hisses angrily.
Found 19 arrows.
Found a stone staircase leading up.
There is a stone staircase leading up here.
An adder is nearby!
You fly upwards.
There is a stone staircase leading down here.
You see here a +0 leather armour.
You see here 8 sling bullets.
(D) Dungeon
Where to? (Enter - D:2 @ (x,y), ? - help)
There is an open door here.
An orc priest is nearby!
There is an open door here.
The orc priest shouts!
You hit the orc priest.
The orc priest is lightly wounded.
The orc priest misses you.
Casting: Foxfire (safe; 4% risk of failure)
Confirm with . or Enter, or press ? or * to list all spells.
You conjure some foxfire!
The orc priest mumbles some strange prayers to Beogh against you.
Pain shoots through your body!
The foxfire hits the orc priest but does no damage.
The orc priest is lightly wounded.
The foxfire hits the orc priest but does no damage.
The orc priest is lightly wounded.
The orc priest hits you with a +0 hand axe!
There is a stone staircase leading up here.
The orc priest hits you with a +0 hand axe!
* * * LOW HITPOINT WARNING * * *
You fly upwards.
There is a stone staircase leading down here.
Casting: Foxfire (safe; 4% risk of failure)
Confirm with . or Enter, or press ? or * to list all spells.
You conjure some foxfire!
* * * LOW HITPOINT WARNING * * *
The orc priest calls down the wrath of Beogh upon you.
Pain shoots through your body!
You die...

#..#.#......#)#.#
##......####.#.#..
#.....#.####.#....
#.#.###......####.
#.#.###..........)
#.#............###
#.######..........
####v### #..........
#...@o.# #.......##.
#.##v#.# #......###'
#.##...# ########≈≈≈
#.###..# #≈≈≈
#.###..## #≈≈≈
#.......######## #≈≈≈
###.#.#........#####'
#.#.#...####.......
#.#.......##.##.#.#


You could see an orc priest (ally target).

Vanquished Creatures
  An orc (D:1)
  2 ball pythons (D:1)
  5 endoplasms
  A giant cockroach (D:1)
  A goblin (D:1)
  3 hobgoblins (D:2)
  2 kobolds
  3 quokkas (D:2)
  5 bats
  A frilled lizard (D:1)
  2 rats (D:1)
26 creatures vanquished.

Vanquished Creatures (others)
  59 foxfires
59 creatures vanquished.

Grand Total: 85 creatures vanquished

Notes
Turn   | Place    | Note
-------+----------+-------------------------------------------
     0 | D:1      | Gartch the Djinni Fire Elementalist began the quest for the
                  | Orb.
     0 | D:1      | Reached XP level 1. HP: 15/15 MP: 0/0
   606 | D:1      | Noticed a floating eye
   608 | D:1      | Found a faded altar of an unknown god.
   628 | D:1      | Reached XP level 2. HP: 20/21 MP: 0/0
  1396 | D:1      | Noticed a shining eye
  1398 | D:1      | Noticed a golden eye
  1398 | D:1      | Noticed a golden eye
  2148 | D:2      | Reached XP level 3. HP: 25/25 MP: 0/0
  2148 | D:2      | Learned a level 1 spell: Apportation
  2389 | D:2      | Reached skill level 3 in Spellcasting
  3513 | D:1      | Killed from afar by an orc priest

Illustrated notes

Levels and vault maps discovered:
D:1:      scummos_arrival_simple_fountains, layout_loops_cross,
          hellmonk_ecumenical_altar_watching_god, chequers_serial_rivers_room_b,
          minmay_misc_feat_roman, minmay_heptomino_l4
D:2:      layout_loops_corners
D:3:      layout_rooms, mainiacjoe_overflow_alcove_2, fedhas_altar_4,
          roderic_batcave

Skill      XL: |  1  2  3 |
---------------+----------+-----
Spellcasting   | 3 |  3.1
Fighting       | |  0.4
Dodging        | |  2.5
Stealth        | |  1.7

Action                   || total
-------------------------++-------
Melee: Unarmed           ||     7
       Short sword       ||    37
Throw: Stone             ||    11
 Cast: Foxfire           ||    41
 Stab: Sleeping          ||     8
Armor: Robe              ||    18
Dodge: Dodged            ||    56
